 Dungeon Crawl Stone Soup version 0.29.0-11-gd7f09526c8 (webtiles) character file.

Game seed: 8508506863592575535

65 Arcadio the Grave Robber (level 3, -6/19 HPs)
             Began as a Vampire Necromancer on Sept 3, 2022.
             Mangled by a gnoll
             ... wielding a +0 flail
              (12 damage)
             ... on level 3 of the Dungeon.
             The game lasted 00:06:10 (2285 turns).

Arcadio the Grave Robber (Vampire Necromancer)      Turns: 2285, Time: 00:06:10

Health: -6/19      AC:  3    Str:  5 (7)  XL:     3   Next: 94%
Magic:  1/7        EV: 12    Int: 17 (19) God:
Gold:   129        SH:  0    Dex: 12 (14) Spells: 3/7 levels left

rFire   . . .      SeeInvis +   g - +0 dagger
rCold   + + .      Faith    .   (no shield)
rNeg    + + +      Spirit   .   a - +0 robe
rPois   ∞          Reflect  .   (no helmet)
rElec   .          Harm     .   q - +0 cloak
rCorr   .          Rampage  .   (no gloves)
Will    .....                   (no boots)
Stlth   +++++.....              (no amulet)
HPRegen 0.00/turn               (no ring)
MPRegen 0.10/turn               (no ring)

@: bloodless, inhibited regen
A: bloodless, fangs 3, see invisible, vampiric 2
a: Bat Form, Revivify


You were on level 3 of the Dungeon.
You visited 1 branch of the dungeon, and saw 3 of its levels.

You collected 129 gold pieces.

Inventory:

Hand Weapons
 d - a +0 club
 g - a +0 dagger (weapon)
 h - a +1 mace of draining
Armour
 a - a +0 robe (worn)
 q - a +0 cloak (worn)
 r - an orb of guile
Scrolls
 c - 4 scrolls of identify {unknown}
 i - a scroll of butterflies {unknown}
 k - a scroll of amnesia {unknown}
 m - 2 scrolls of immolation {unknown}
 o - a scroll of enchant armour {unknown}
 p - a scroll of fear {unknown}
Potions
 b - 2 potions of magic
 e - 5 potions of heal wounds {unknown}
 f - 3 potions of haste {unknown}
 j - a potion of invisibility {unknown}
 l - a potion of flight {unknown}
 n - a potion of brilliance {unknown}


   Skills:
 - Level 2.1 Dodging
 + Level 4.6 Stealth
 + Level 2.8 Spellcasting
 + Level 5.0 Necromancy


You had 3 spell levels left.
You knew the following spells:

 Your Spells              Type           Power      Damage    Failure   Level
a - Necrotise             Necr           76%        1d7       2%          1
b - Vampiric Draining     Necr           19%        2d7       7%          3

Your spell library contained the following spells:

 Spells                   Type           Power      Damage    Failure   Level
 Animate Dead             Necr           19%        N/A       22%         4
 Agony                    Necr           19%        N/A       52%         5


Dungeon Overview and Level Annotations

Branches:
Dungeon (3/15) Zot: 15710

Altars:

Annotations:
D:3 Terence


Innate Abilities, Weirdness & Mutations

You do not regenerate when monsters are visible.
You are frail without blood (-20% HP).
You can heal yourself when you bite living creatures.
You are immune to poison.
You have razor-sharp teeth.
You have supernaturally acute eyesight. (SInv)
You are afflicted with vampirism and can become a bat while bloodless.


Message History

Confirm with . or Enter, or press ? or * to list all spells.
The spell is extremely dangerous to miscast (7% risk of failure)!
Continue anyway?
Aiming: Vampiric Draining (extremely dangerous; 7% risk of failure)
Press: ? - help, Shift-Dir - straight line, f/p - gnoll
Aim: a gnoll, wielding a +0 spear (moderately wounded)
You draw life force from the gnoll!
You kill the gnoll!
Your Necromancy skill increases to level 5!
You closely miss the gnoll. You barely miss the gnoll.
You hit the gnoll but do no damage. The gnoll closely misses you.
You hit the gnoll but do no damage. The gnoll hits you with a +0 flail!
Ouch! That really hurt!
Casting: Vampiric Draining (extremely dangerous; 7% risk of failure)
Confirm with . or Enter, or press ? or * to list all spells.
The spell is extremely dangerous to miscast (7% risk of failure)!
Continue anyway?
Okay, then.
There are monsters nearby!
Okay, then.
Okay, then.
Unknown command.
Okay, then.
Casting: Vampiric Draining (extremely dangerous; 7% risk of failure)
Confirm with . or Enter, or press ? or * to list all spells.
The spell is extremely dangerous to miscast (7% risk of failure)!
Continue anyway?
Aiming: Vampiric Draining (extremely dangerous; 7% risk of failure)
Press: ? - help, Shift-Dir - straight line, f - gnoll
Aim: a gnoll, wielding a +0 flail You draw life force from the gnoll!
You feel life coursing into your body. The gnoll barely misses you.
Okay, then.
You hit the gnoll but do no damage.
The gnoll is severely wounded.
You hit the gnoll. Your bite misses the gnoll.
The gnoll is severely wounded.
The gnoll hits you with a +0 flail! The gnoll completely misses you.
The gnoll attacks as you move away! The gnoll hits you with a +0 flail!
Ouch! That really hurt!
You die...

### ..)..
#..##.#.#
....#.#.###
..##.#...
.>##.#.. #
#.##.#.#
#.#.##.#@#####.#
#.#.##..gg......
#..............#
###.####.#######
#.# #)# #.# #.#
#.# #.# #.# #.#
#.# #.#


You could see 2 gnolls.

Vanquished Creatures
  A gnoll (D:3)
  2 worms (D:2)
  2 dart slugs (D:1)
  8 ball pythons
  2 endoplasms (D:2)
  A giant cockroach (D:2)
  6 goblins
  3 hobgoblins
  A quokka (D:1)
  4 bats
  2 frilled lizards (D:1)
  6 kobolds
  3 rats (D:2)
41 creatures vanquished.

Vanquished Creatures (collateral kills)
  2 goblins (D:1)
  A quokka (D:1)
  A frilled lizard (D:1)
  A rat (D:2)
  A spectral goblin (D:1)
6 creatures vanquished.

Grand Total: 47 creatures vanquished

Notes
Turn   | Place    | Note
-------+----------+-------------------------------------------
     0 | D:1      | Arcadio the Vampire Necromancer began the quest for the
                  | Orb.
     0 | D:1      | Reached XP level 1. HP: 13/13 MP: 3/3
   165 | D:1      | Reached XP level 2. HP: 15/15 MP: 3/5
   333 | D:1      | Found a faded altar of an unknown god.
   540 | D:1      | Gained mutation: You are afflicted with vampirism and can
                  | become a bat while bloodless. [Vampire growth]
   540 | D:1      | Reached XP level 3. HP: 16/19 MP: 0/6
  1635 | D:2      | Identified the +1 whip "Suhor" {holy, rF- Str+3 Int+3}
  1910 | D:3      | Noticed Terence
  1921 | D:3      | Learned a level 3 spell: Vampiric Draining
  2275 | D:3      | Reached skill level 5 in Necromancy
  2285 | D:3      | Mangled by a gnoll

Illustrated notes

Levels and vault maps discovered:
D:1:      onia_arrival_pentagram, layout_basic,
          dreamdust_ecumenical_altar_drowned_temple, minmay_hexomino_p4
D:2:      minmay_general_purpose_star, layout_basic, dk_noncrumbling_4
D:3:      layout_loops_ring, uniq_crazy_yiuf_cottage, uniq_sigmund, uniq_terence

Skill      XL: |  1  2  3 |
---------------+----------+-----
Stealth        | 4 |  4.6
Necromancy     | 5 |  5.0
Dodging        | |  2.1
Spellcasting   | |  2.8

Action                   || total
-------------------------++-------
Melee: Club              ||     6
       Dagger            ||    43
       Bite              ||     2
 Cast: Necrotise         ||    35
       Vampiric Draining ||     3
 Abil: Exsanguinate      ||     1
       End Transformatio ||     1
       Bat Form          ||     1
 Stab: Sleeping          ||    11
Armor: Robe              ||     2
Dodge: Dodged            ||    29
